Unix NetHack Version 3.7.0-50 Work-in-progress - last build Feb 18 2022 03:49:16. Game began 2022-02-22 16:50:10, ended 2022-02-22 16:54:46. greg, lawful female human Valkyrie .... ....... .)G-... ..)@... ..... ... Greg the Stripling St:16 Dx:15 Co:18 In:9 Wi:10 Ch:7 Lawful S:229 Dlvl:4 $:15 HP:0(16) Pw:2(2) AC:2 Xp:1/16 T:708 Latest messages: You kill the jackal! The jackal bites! You miss the jackal. The jackal bites! You miss the jackal. The jackal misses! You miss the jackal. The jackal misses! You kill the jackal! The kobold zombie misses! You miss the kobold zombie. You miss the kobold zombie. You see here a jackal corpse. The kobold zombie misses! The little dog bites the kobold zombie. The kobold zombie is destroyed! There is a jackal corpse here; eat it? [ynq] (n) y This jackal corpse tastes okay. You finish eating the jackal corpse. You descend the stairs. You swap places with your little dog. The door opens. This door is locked. This door is locked. This door is locked. In what direction? 8 Whammm!! This door is locked. This door is locked. In what direction? 8 As you kick the door, it crashes open! You don't have anything to drink. You descend the stairs. The carafe crashes on your head and breaks into shards. The yellow potion evaporates. This burns! Call a yellow potion: burns You hear an E flat squeak in the distance. You are almost hit by an arrow. You see here an arrow. You hear an E flat squeak in the distance. You swap places with your little dog. You hear some noises. You hit the gnome lord. The gnome lord misses! The gnome hits! You swap places with your little dog. The gnome lord hits! You die... Do you want your possessions identified? [ynq] (y) q Major events: Turn 1: greg the lawful human Valkyrie entered the dungeon 75: entered new level 2, The Dungeons of Doom 142: hit with a wielded weapon for the first time 142: killed for the first time 144: ate for the first time - goblin corpse 144: consumed animal products for the first time, by eating a goblin corpse 643: entered new level 3, The Dungeons of Doom 685: entered new level 1, The Gnomish Mines 685: entered the Gnomish Mines Inventory: Coins $ - 15 gold pieces Weapons b - a +0 dagger (alternate weapon; not wielded) h - a +0 orcish dagger a - a +1 long sword (weapon in hand) Armor i - an uncursed +0 pair of low boots (being worn) c - an uncursed +3 small shield (being worn) e - an uncursed +0 ring mail (being worn) Comestibles k - an uncursed cream pie d - an uncursed food ration Scrolls g - an uncursed scroll of enchant armor j - an uncursed scroll of punishment Rings f - an uncursed ring of protection from shape changers Greg the Valkyrie's attributes: Background: You were a Stripling, a level 1 human Valkyrie. You were lawful, on a mission for Tyr who was opposed by Odin (neutral) and Loki (chaotic). You were in the Gnomish Mines, on level 4. You entered the dungeon 708 turns ago. You had 16 experience points, 4 more were needed to attain level 2. Your score was 229 before end-of-game adjustments. Basics: You had 0 out of 16 hit points. You had both energy points (spell power). Your armor class was 2. Your wallet contained 15 zorkmids. Autopickup was on for '$' plus thrown. Final Characteristics: Your strength was 16 (limit:18/100). Your dexterity was 15 (limit:18). Your constitution was 18 (limit:18). Your intelligence was 9 (limit:18). Your wisdom was 10 (limit:18). Your charisma was 7 (limit:18). Final Status: You were not hungry. You were unencumbered. You were wielding a long sword. You had basic skill with long sword. Final Attributes: You were fervently aligned. You were cold resistant. You were stealthy. You were warded. You are dead. Miscellaneous: You never encountered a bones level. Total elapsed playing time was 4 minutes and 35 seconds. Vanquished creatures: a large kobold a gnome 4 jackals a goblin a grid bug 2 kobold zombies 10 creatures vanquished. No species were genocided or became extinct. Voluntary challenges: You were an atheist. You were illiterate. You never engraved Elbereth. You never genocided any monsters. You never polymorphed an object. You never changed form. You used no wishes. Achievement: You entered the Gnomish Mines. The Dungeons of Doom: levels 1 to 3 Level 1: A fountain. Level 2: Level 3: A fountain. Stairs down to The Gnomish Mines. The Gnomish Mines: Level 4: <- You were here. Final resting place for you, killed by a gnome lord. Game over: ---------- / \ / REST \ / IN \ / PEACE \ / \ | greg | | 15 Au | | killed by a | | gnome lord | | | | | | 2022 | *| * * * | * _________)/\\_//(\/(/\)/\//\/|_)_______ Farvel greg the Valkyrie... You died in The Gnomish Mines on dungeon level 4 with 228 points, and 15 pieces of gold, after 708 moves. You were level 1 with a maximum of 16 hit points when you died.